 Dungeon Crawl Stone Soup version 0.21.1-1-g345015fe64 (webtiles) character file.

100 Revguard the Grave Robber (level 4, -1/31 HPs)
             Began as a Demonspawn Necromancer on June 13, 2018.
             Killed by divine providence
             ... invoked by an orc priest
              (13 damage)
             ... on level 3 of the Dungeon.
             The game lasted 00:13:17 (2163 turns).

Revguard the Grave Robber (Demonspawn Necromancer)  Turns: 2163, Time: 00:13:17

Health: -1/31      AC:  3    Str:  9    XL:     4   Next: 46%
Magic:  2/9        EV: 14    Int: 16    God:
Gold:   139        SH:  0    Dex: 14    Spells: 2/10 levels left

rFire    . . .     SeeInvis .   d - +2 quarterstaff (chaos)
rCold    . . .     Gourm    .   (shield currently unavailable)
rNeg     . . .     Faith    .   a - +0 robe
rPois    .         Spirit   .   (no helmet)
rElec    .         Reflect  .   g - +0 cloak
rCorr    .         Harm     .   (no gloves)
MR       .....                  (no boots)
Stlth    ++........             (no amulet)
HPRegen  1.10/turn              (no ring)
MPRegen  0.11/turn              (no ring)

@: very slightly contaminated, regenerating
A: repulsion field 1, demonic guardian 1
a: no special abilities


You were on level 3 of the Dungeon.
You were hungry.

You visited 1 branch of the dungeon, and saw 3 of its levels.

You collected 139 gold pieces.

Inventory:

Hand Weapons
 d - a +2 quarterstaff of chaos (weapon)
 f - a +0 dagger
Armour
 a - a +0 robe (worn)
 g - a +0 cloak (worn)
 j - a +0 cloak
Scrolls
 i - a scroll of identify {unknown}
 l - a scroll of enchant armour {unknown}
 m - a scroll of remove curse {unknown}
Potions
 e - 2 potions of brilliance {unknown}
 h - a potion of flight {unknown}
 k - a potion of curing {unknown}
Books
 b - a book of Necromancy

   Spells                             Type                      Level
   a - Pain                           Necromancy                   1
   b - Animate Skeleton               Necromancy                   1
   c - Vampiric Draining              Necromancy                   3
   d - Regeneration                   Charms/Necromancy            3
   e - Animate Dead                   Necromancy                   4
   f - Borgnjor's Vile Clutch         Necromancy/Earth             5
Comestibles
 c - 2 rations


   Skills:
 * Level 0.9 Fighting
 - Level 0.5 Short Blades
 * Level 0.1 Staves
 + Level 1.9 Dodging
 - Level 1.8 Stealth
 * Level 3.5 Spellcasting
 * Level 0.1 Charms
 + Level 4.9 Necromancy


You had 2 spell levels left.
You knew the following spells:

 Your Spells              Type           Power        Failure   Level  Hunger
a - Pain                  Necr           ###.         2%          1    None
b - Animate Skeleton      Necr           N/A          2%          1    None
c - Regeneration          Chrm/Necr      ##........   19%         3    ###....
d - Vampiric Draining     Necr           ###.......   7%          3    ###....


Dungeon Overview and Level Annotations

Branches:
Dungeon (3/15)

Altars:


Innate Abilities, Weirdness & Mutations

You are surrounded by a mild repulsion field. (EV +2)
A weak demonic guardian rushes to your aid.


Message History

* * * LOW HITPOINT WARNING * * *
The orc wizard hits your ufetubus with a dagger.
Your white imp misses the orc wizard.
Casting: Vampiric Draining
Confirm with . or Enter, or press ? or * to list all spells.
Your skin crawls.
The orc priest barely misses you.
The orc wizard hits your ufetubus with a dagger.
Your white imp barely misses the orc wizard.
Your ufetubus hits the orc priest but does no damage.
Your ufetubus closely misses the orc priest.
Your white imp gestures at the orc wizard.
The puff of frost hits the orc wizard.
Your ufetubus closely misses the orc priest.
Your ufetubus hits the orc priest but does no damage.
The orc wizard mumbles some strange words.
The orc wizard flickers and vanishes!
Deactivating autopickup; reactivate with Ctrl-A.
The orc priest calls down the wrath of Beogh upon you.
Beogh smites you!
You die...

####.. .....########
##...........#
............#
#..........#
####..........# .#
#.............# ..
#####@..# #.
##.5o..##########
#..#{)######...oo...
####..5.# #....?...
......(.### #.......!
#.>.......####<.......
..#####.....5.........
. ........<..o........
######...o..........


You could see an orc priest and a friendly ufetubus (confused).

Vanquished Creatures
  Crazy Yiuf (D:2)
  4 adders
  An ooze (D:1)
  2 worms (D:2)
  An orc (D:3)
  5 bats
  3 giant cockroaches (D:1)
  3 goblins (D:1)
  A hobgoblin (D:1)
  2 quokkas (D:2)
  4 frilled lizards
  A kobold (D:1)
  6 rats
34 creatures vanquished.

Vanquished Creatures (collateral kills)
  A goblin (D:1)
  A kobold (D:2)
  2 quokkas (D:2)
  A bat (D:2)
  2 rats (D:2)
7 creatures vanquished.

Grand Total: 41 creatures vanquished

Notes
Turn   | Place    | Note
-------+----------+-------------------------------------------
     0 | D:1      | Revguard the Demonspawn Necromancer began the quest for the Orb.
     0 | D:1      | Reached XP level 1. HP: 13/13 MP: 3/3
    11 | D:1      | Learned a level 1 spell: Animate Skeleton
   235 | D:1      | Gained mutation: You are surrounded by a mild repulsion field. (EV +2) [demonic ancestry]
   235 | D:1      | Reached XP level 2. HP: 18/19 MP: 1/5
  1170 | D:2      | Found a runed door.
  1174 | D:2      | Noticed Crazy Yiuf
  1181 | D:2      | Killed Crazy Yiuf
  1181 | D:2      | Gained mutation: A weak demonic guardian rushes to your aid. [demonic ancestry]
  1181 | D:2      | Reached XP level 3. HP: 22/25 MP: 1/7
  1442 | D:2      | Learned a level 3 spell: Regeneration
  1469 | D:2      | Learned a level 3 spell: Vampiric Draining
  1522 | D:2      | Reached XP level 4. HP: 29/31 MP: 1/9
  2163 | D:3      | Killed from afar by an orc priest

Skill      XL: |  1  2 |
---------------+-------+-----
Spellcasting   | 3 |  3.5
Fighting       | |  0.9
Short Blades   | |  0.5
Staves         | |  0.1
Dodging        | |  1.9
Stealth        | |  1.8
Charms         | |  0.1
Necromancy     | |  4.9

Action                   |  1- 3 |  4- 6 || total
-------------------------+-------+-------++-------
Melee: Unarmed           |     9 |       ||     9
       Dagger            |    46 |       ||    46
       Quarterstaff      |     7 |    12 ||    19
 Cast: Pain              |    39 |     3 ||    42
       Animate Skeleton  |     9 |     3 ||    12
       Vampiric Draining |     1 |     1 ||     2
       Regeneration      |       |     1 ||     1
 Stab: Sleeping          |     1 |       ||     1
  Eat: Chunk             |     2 |     2 ||     4
Armor: Robe              |     8 |     7 ||    15
Dodge: Dodged            |    19 |    13 ||    32
